 Dungeon Sprint DCSS version 0.23.0-2-g0fe3ce5 (webtiles) character file.

Game seed: 8367529008862976368

37306 nuthulu the Peltast (level 13, -16/136 HPs)
             Began as a Naga Fighter on Feb 19, 2019.
             Was the Champion of Cheibriados.
             Killed from afar by Osesymm the pandemonium lord (54 damage)
             ... with a crystal spear
             ... in the Dungeon (Sprint V: "Ziggurat Sprint").
             The game lasted 00:06:34 (1639 turns).

nuthulu the Peltast (Naga Fighter)                  Turns: 1639, Time: 00:06:34

Health: -16/136    AC: 30    Str: 35    XL:     13   Next: 95%
Magic:  26/30      EV:  1    Int: 36    God:    Cheibriados [******]
Gold:   0          SH: 35    Dex: 29    Spells: 38/38 levels left

rFire    . . .     SeeInvis +   o - +14 obsidian axe {chop, +Fly SInv *Curse} (curse)
rCold    . . .     Gourm    .   G - +18 shield of the Gong {rElec rN+ MR+ EV-5}
rNeg     + . .     Faith    .   F - +15 Maxwell's patent armour {-Cast -Tele rElec MR+ rCorr}
rPois    +         Spirit   .   (no helmet)
rElec    +         Reflect  .   (no cloak)
rCorr    +         Harm     .   (no gloves)
MR       +++..     NoTele   +   (no barding) Stlth ..........NoCast +
                                (no amulet)
HPRegen  0.32/turn              C - +6 ring of intelligence
MPRegen  0.22/turn              B - +6 ring of intelligence

@: mesmerised, studying 2 skills, silenced, very slow
A: large, see invisible, deformed body, deterioration 1, poison resistance,
slowness 2, slow metabolism 1, spit poison 1, [subdued magic 2], constrict 1, AC
+4
a: Spit Poison, Renounce Religion, Evoke Flight


You were in the Dungeon.
You worshipped Cheibriados.
Cheibriados was exalted by your worship.
You were not hungry.

You visited 1 branch

Inventory:

Hand Weapons
 a - a +0 war axe
 o - the cursed +14 obsidian axe (weapon) {chop, +Fly SInv *Curse}
   (You found it in the Dungeon)

   It inflicts extra damage upon your enemies.
   It lets you see invisible.
   It lets you fly.
   It curses itself when equipped.
   It has a curse placed upon it.
Armour
 b - a +0 scale mail
 c - a +0 shield
 F - the +15 Maxwell's patent armour (worn) {-Cast -Tele rElec MR+ rCorr}
   (You found it in the Dungeon)

   It insulates you from electricity.
   It affects your resistance to hostile enchantments.
   It prevents spellcasting.
   It prevents most forms of teleportation.
   It provides partial protection from all sources of acid and corrosion.
 G - the +18 shield of the Gong (worn) {rElec rN+ MR+ EV-5}
   (You found it in the Dungeon)

   It affects your evasion (-5).
   It insulates you from electricity.
   It protects you from negative energy.
   It affects your resistance to hostile enchantments.
Jewellery
 z - a +6 ring of dexterity
 A - a +6 ring of dexterity
 B - a +6 ring of intelligence (right hand)
 C - a +6 ring of intelligence (left hand)
 D - a +6 ring of strength
 E - a +6 ring of strength
Wands
 w - a wand of disintegration (7)
 x - a wand of iceblast (7)
 y - a wand of acid (7)
Scrolls
 h - a scroll of brand weapon
 k - 4 scrolls of blinking
 q - 4 scrolls of amnesia
 r - 7 scrolls of fog
 s - a scroll of holy word
 t - 5 scrolls of identify
 u - 5 scrolls of remove curse
 v - 2 scrolls of fear
 H - 4 scrolls of enchant weapon
Potions
 d - 5 potions of might
 e - 9 potions of curing
 g - 9 potions of heal wounds
 i - 7 potions of magic
 l - 2 potions of brilliance
 m - 2 potions of invisibility
 n - 4 potions of resistance
 p - 5 potions of agility
Books
 I - a manual of Air Magic
 J - a manual of Translocations
Comestibles
 f - 9 rations


   Skills:
 + Level 14.6 Fighting
 + Level 14.4 Axes
 + Level 12.5 Armour
 - Level 15.7 Shields
 + Level 13.2 Spellcasting
 + Level 15.4 Invocations


You had 38 spell levels left.
You didn't know any spells.
Your spell library was empty.

Dungeon Overview and Level Annotations

Branches:
Dungeon (1/1)

Altars:
Ashenzari
Cheibriados
Dithmenos
Elyvilon
Fedhas
Gozag
Hepliaklqana
Kikubaaqudgha
Makhleb
Nemelex Xobeh
Okawaru
Qazlal
Ru
Sif Muna
Trog
Uskayaw
Vehumet
Wu Jian
Xom
Yredelemnul
Zin
The Shining One
Beogh
Jiyva
Lugonu


Innate Abilities, Weirdness & Mutations

You cannot wear boots.
Your serpentine skin is tough. (AC +4)
You have supernaturally acute eyesight. (SInv)
Armour fits poorly on your strangely shaped body.
Your system is resistant to poisons. (rPois)
You cover ground very slowly.
You have a slow metabolism.
You can spit poison.
You can use your snake-like lower body to constrict enemies.
Your body sometimes deteriorates upon taking damage.
[Your spells are easier to cast, but less powerful.]


Message History

The smoke demon gestures at you. Something smites you!
* * * LOW HITPOINT WARNING * * *
You block Osesymm's attack. You block the ice devil's attack.
Jyuke Nuqeo gestures.
Jyuke Nuqeo's surroundings become eerily quiet.
You block Osesymm's attack.
A starcursed mass splits.
The red devil hits you but does no damage.
The chaos spawn gores your sun demon but does no damage.
Your sun demon closely misses the chaos spawn.
The ice devil hits you but does no damage.
The hellephant blinks!
The smoke demon gestures at you. The ball of steam hits your sun demon.
Your sun demon resists.
The ball of steam hits you but does no damage.
Jyuke Nuqeo barely misses your sun demon.
Osesymm gestures at you. The crystal spear hits you!!!
You die...

▓....8©8..
▓...}[})X)!...▓..=))}[.?
▓...Y%))|X=...▓..[?[))).
▓......2.4....▓......†).
▓.....444.....▓...).....
▓.....66......▓.....†...
▓.....4&43....▓.......†.
▓.....4&3.....▓..▓..)..▓
▓......@......▓.▓▓▓...▓▓
▓..▓..§....▓..▓..▓.....▓
▓....§........▓.....©...
▓.............▓▓▓▓▓▓▓▓▓▓
▓......©......▓....8©8..
▓▓▓▓▓▓▓▓▓▓▓▓▓▓▓..}[:}}))
▓...?|)||) ▓.........
▓.........


You could see Jyuke Nuqeo, Osesymm, a hellephant, 2 starcursed masses, a
cacodemon, 2 demonspawn, 2 orange demons, 2 ice devils, a rust devil, a smoke
demon, a chaos spawn, a red devil and a friendly sun demon.

Vanquished Creatures
  A pandemonium lord (D)
  A deep elf master archer (D)
  An acid blob (D)
  2 nagarajas (D)
  A deep elf sorcerer (D)
  An ironheart preserver (D)
  A green draconian (D)
  A deep elf annihilator (D)
  A death ooze (D)
  A great orb of eyes (D)
  A naga warrior (D)
  A deep elf high priest (D)
  A hydra (D)
  A centaur warrior (D)
  2 dancing weapons (D)
  A spriggan druid (D)
  A deep elf archer (D)
  2 deep elf magi (D)
  A shining eye (D)
  2 draconians (D)
  4 guardian serpents (D)
  A naga mage (D)
  A black mamba (D)
  2 eyes of devastation (D)
  3 spiny frogs (D)
  A yaktaur (D)
  A red devil (D)
  A merfolk (D)
  4 slime creatures (D)
  A blink frog (shapeshifter) (D)
  A spriggan (D)
  A fire elemental (D)
  A basilisk (D)
  A golden eye (D)
  4 nagas (D)
  An acid dragon (shapeshifter) (D)
  2 acid dragons (D)
  6 water moccasins (D)
  A floating eye (D)
  2 porcupines (D)
  3 black bears (D)
  2 swamp drakes (D)
  4 wolves (D)
  A centaur (D)
  A bullfrog (D)
  2 crimson imps (D)
  A jelly (D)
  A jelly (shapeshifter) (D)
  5 iron imps (D)
  2 mummies (D)
  3 adders (D)
  A shadow imp (D)
  2 white imps (D)
  2 ufetubi (D)
  A worm (shapeshifter) (D)
  3 ball pythons (D)
97 creatures vanquished.

Vanquished Creatures (collateral kills)
  A nagaraja (D)
  A vault guard (D)
  An unseen horror (D)
  A cyclops (D)
  2 rime drakes (D)
  3 yaktaurs (D)
  A merfolk (D)
  2 hippogriffs (D)
  A naga (D)
  2 quasits (D)
  An iron imp (D)
  An ufetubus (D)
17 creatures vanquished.

Vanquished Creatures (others)
  A spatial maelstrom (D)
1 creature vanquished.

Grand Total: 115 creatures vanquished

Notes
Turn   | Place    | Note
-------+----------+-------------------------------------------
     0 | D        | Found the +6 Majin-Bo {vamp, Archmagi MP+6 Int+6}
     0 | D        | Found the +7 great mace "Firestarter" {inner flame, rF++}
     0 | D        | nuthulu the Naga Fighter began the quest for the Orb.
     0 | D        | Reached XP level 1. HP: 21/21 MP: 1/1
     0 | D        | Found a deep blue altar of Sif Muna.
     0 | D        | Found a sacrificial altar of Ru.
     0 | D        | Found a bloodstained altar of Trog.
     0 | D        | Found a stormy altar of Qazlal.
     0 | D        | Found an iron altar of Okawaru.
     0 | D        | Found a sparkling altar of Nemelex Xobeh.
     0 | D        | Found a blossoming altar of Fedhas.
     0 | D        | Banished a spatial maelstrom
     2 | D        | Found a transporter.
     2 | D        | Found an ancient bone altar of Kikubaaqudgha.
     2 | D        | Found a viscous altar of Jiyva.
     2 | D        | Found a corrupted altar of Lugonu.
     2 | D        | Found a hazy altar of Hepliaklqana.
     2 | D        | Found a burning altar of Makhleb.
     2 | D        | Found an opulent altar of Gozag.
    18 | D        | Reached XP level 2. HP: 28/28 MP: 2/2
    20 | D        | Found the +9 heavy crossbow "Sniper" {velocity, Acc+∞ SInv}
    20 | D        | Found the +10 dark maul {crush}
    20 | D        | Found the +15 Maxwell's patent armour {-Cast -Tele rElec
                  | MR+ rCorr}
    20 | D        | Found the +18 shield of the Gong {rElec rN+ MR+ EV-5}
    20 | D        | Found the cursed +14 obsidian axe {chop, +Fly SInv *Curse}
    53 | D        | Became a worshipper of Cheibriados the Contemplative
    71 | D        | Entered arena 2.
    71 | D        | Found a transporter.
    74 | D        | Reached XP level 3. HP: 34/34 MP: 3/3
    80 | D        | Entered arena 3.
    80 | D        | Noticed a draconian
    80 | D        | Noticed a green draconian
    80 | D        | Noticed a draconian
    80 | D        | Found a transporter.
    81 | D        | Identified the cursed +2 broad axe of Ru's Reproof {chaos,
                  | MR+}
    93 | D        | Killed a draconian
    93 | D        | Reached * piety under Cheibriados
    93 | D        | Reached XP level 4. HP: 16/42 MP: 4/4
    93 | D        | Reached XP level 5. HP: 19/49 MP: 5/5
    93 | D        | Reached XP level 6. HP: 22/56 MP: 6/6
    96 | D        | Killed a draconian
    96 | D        | Reached XP level 7. HP: 27/62 MP: 7/7
   101 | D        | Killed a green draconian
   101 | D        | Reached ** piety under Cheibriados
   101 | D        | Reached skill level 15 in Shields
   101 | D        | Reached XP level 8. HP: 32/69 MP: 8/8
   101 | D        | Reached XP level 9. HP: 35/75 MP: 9/9
   305 | D        | Entered arena 4.
   305 | D        | Found a transporter.
   310 | D        | Reached *** piety under Cheibriados
   310 | D        | Reached skill level 1 in Spellcasting
   310 | D        | Reached skill level 1 in Invocations
   319 | D        | Entered arena 5.
   319 | D        | Noticed an unseen horror
   319 | D        | Found a transporter.
   321 | D        | Reached **** piety under Cheibriados
   327 | D        | Killed an unseen horror
   335 | D        | Entered arena 6.
   335 | D        | Found a transporter.
   337 | D        | Reached ***** piety under Cheibriados
   344 | D        | Entered arena 7.
   344 | D        | Noticed a rime drake
   344 | D        | Noticed a rime drake
   345 | D        | Found a transporter.
   347 | D        | Killed a rime drake
   347 | D        | Reached skill level 5 in Fighting
   349 | D        | Reached ****** piety under Cheibriados
   350 | D        | Noticed an orange demon
   350 | D        | Killed a rime drake
   350 | D        | Reached skill level 5 in Axes
   350 | D        | Reached skill level 5 in Invocations
   475 | D        | Entered arena 8.
   475 | D        | Noticed a merfolk
   475 | D        | Noticed a cyclops
   475 | D        | Noticed a merfolk
   476 | D        | Found a transporter.
   477 | D        | Killed a merfolk
   478 | D        | Killed a cyclops
   478 | D        | Reached skill level 5 in Armour
   478 | D        | Reached XP level 10. HP: 89/91 MP: 15/17
   479 | D        | Reached skill level 5 in Spellcasting
   539 | D        | Entered arena 9.
   539 | D        | Noticed a vault guard
   539 | D        | Noticed a centaur warrior
   539 | D        | Noticed an ironheart preserver
   540 | D        | Found a transporter.
   545 | D        | Killed a centaur warrior
   548 | D        | Killed an ironheart preserver
   548 | D        | Killed a vault guard
   548 | D        | Reached XP level 11. HP: 73/104 MP: 18/21
   695 | D        | Entered arena 10.
   695 | D        | Noticed a spriggan druid
   696 | D        | Found a transporter.
   699 | D        | Killed a spriggan druid
   739 | D        | Entered arena 11.
   739 | D        | Noticed Jaarchem the pandemonium lord
   743 | D        | Killed Jaarchem the pandemonium lord
   743 | D        | Reached skill level 10 in Spellcasting
   743 | D        | Reached XP level 12. HP: 120/120 MP: 7/26
   830 | D        | Found a transporter.
   845 | D        | Entered arena 12.
   845 | D        | Noticed a deep elf sorcerer
   845 | D        | Noticed a deep elf annihilator
   845 | D        | Noticed a deep elf high priest
   845 | D        | Noticed a deep elf master archer
   846 | D        | Found the +3 Elemental Staff {rElec rF++ rC++ MR++ AC+5}
   847 | D        | Killed a deep elf annihilator
   847 | D        | Reached skill level 10 in Armour
   848 | D        | Killed a deep elf high priest
   849 | D        | Killed a deep elf master archer
   849 | D        | Killed a deep elf sorcerer
   849 | D        | Gained mutation: You can use your snake-like lower body to
                  | constrict enemies. [Naga growth]
   849 | D        | Reached XP level 13. HP: 130/130 MP: 16/28
   851 | D        | Found a transporter.
   912 | D        | Entered arena 13.
   917 | D        | Found a transporter.
   989 | D        | Entered arena 14.
   990 | D        | Noticed a nagaraja
   991 | D        | Identified the ring of the Visionary {rF+ rN+ Str+2 Stlth-}
  1003 | D        | Killed a nagaraja
  1004 | D        | Found a transporter.
  1152 | D        | Entered arena 15.
  1153 | D        | Noticed a great orb of eyes
  1153 | D        | Noticed a death ooze
  1155 | D        | Killed a death ooze
  1156 | D        | Killed a great orb of eyes
  1157 | D        | Noticed an acid blob
  1160 | D        | Killed an acid blob
  1160 | D        | Gained mutation: Your body sometimes deteriorates upon
                  | taking damage. [a shining eye]
  1161 | D        | Found a transporter.
  1529 | D        | Entered arena 16.
  1530 | D        | Noticed a nagaraja
  1531 | D        | Noticed a nagaraja
  1531 | D        | Identified the ring of Ehau {rElec rPois Str+4 Int+2}
  1532 | D        | Reached skill level 15 in Invocations
  1537 | D        | Killed a nagaraja
  1538 | D        | Killed a nagaraja
  1539 | D        | Found a transporter.
  1634 | D        | Entered arena 17.
  1637 | D        | Noticed Osesymm the pandemonium lord
  1637 | D        | Noticed Jyuke Nuqeo the pandemonium lord
  1637 | D        | Noticed an infernal corrupter
  1637 | D        | Noticed a torturous corrupter
  1637 | D        | Noticed a hellephant
  1637 | D        | Noticed a cacodemon
  1639 | D        | Noticed a starcursed mass
  1639 | D        | Killed from afar by Osesymm the pandemonium lord

Skill      XL: |  1  2  3  4  5  6  7  8  9 10 11 12 13 |
---------------+----------------------------------------+-----
Shields        | 6 7 12 13 15 | 15.7
Spellcasting   | 4 7 10 11 13 | 13.2
Invocations    | 5 8 11 13 15 | 15.4
Fighting       | 6 8 11 12 14 | 14.6
Axes           | 5 8 11 12 14 | 14.4
Armour         | 5 7 9 10 12 | 12.5

Action                   |  1- 3 |  4- 6 |  7- 9 | 10-12 | 13-15 || total
-------------------------+-------+-------+-------+-------+-------++-------
Melee: Broad axe         |    13 |     1 |    24 |    17 |    13 ||    68
       Constrict         |       |       |       |       |     2 ||     2
Invok: Slouch            |       |       |       |     6 |    19 ||    25
  Use: Potion            |     2 |     1 |       |       |     1 ||     4
  Eat: Ration            |       |       |       |       |     1 ||     1
Armor: Plate armour      |     7 |     1 |    39 |    34 |    16 ||    97
Dodge: Dodged            |     2 |       |     1 |     4 |     2 ||     9
Block: Shield            |    27 |     6 |    81 |    60 |    44 ||   218
